[Event "International Championship of Central S"]
[Site "Paracin"]
[Date "2014.07.04"]
[Round "1.1"]
[White "Rapport, Richard"]
[Black "Dezelin, Milan"]
[Result "1-0"]
[ECO "A35"]
[WhiteElo "2701"]
[BlackElo "2298"]
[Annotator "Boban,Milojevic"]
[PlyCount "59"]
[EventDate "2014.??.??"]
[TimeControl "6000+1460"]
[WhiteClock "1:06:15"]
[BlackClock "0:05:47"]

1. c4 c5 2. Nc3 Nc6 3. d3 g6 4. g4 d6 5. h3 Bg7 6. Bg2 h5 7. g5 h4 8. Qd2 e5 9.
Bxc6+ bxc6 10. b3 Be6 11. Bb2 Rh5 12. Ne4 a5 13. f4 f5 14. gxf6 Bh6 15. Ng5
Qxf6 16. N1f3 Bd7 17. fxe5 dxe5 18. Rg1 Bxh3 19. Qe3 Bd7 20. Bxe5 Qe7 21. Qe4
Bxg5 22. Qxg6+ Qf7 23. Rxg5 Qxg6 24. Rxg6 Ne7 25. Rg7 a4 26. Bf6 Nc8 27. Ng5
Bg4 28. bxa4 h3 29. Rb1 h2 30. Rg8+ 1-0

[Event "International Championship of Central S"]
[Site "Paracin"]
[Date "2014.07.04"]
[Round "1.2"]
[White "Vojinovic, Jovana"]
[Black "Markus, Robert"]
[Result "1/2-1/2"]
[ECO "A16"]
[WhiteElo "2297"]
[BlackElo "2607"]
[Annotator "Boban,Milojevic"]
[PlyCount "79"]
[EventDate "2014.??.??"]
[TimeControl "6000+1415"]
[WhiteClock "0:09:45"]
[BlackClock "0:02:22"]

1. c4 Nf6 2. Nc3 d6 3. d4 Nbd7 4. e4 e5 5. d5 Nc5 6. f3 a5 7. Be3 Be7 8. Bd3
Nh5 9. Nge2 Bg5 10. Bf2 Nf4 11. Nxf4 exf4 12. Bc2 O-O 13. Qd2 Nd7 14. Ne2 Ne5
15. c5 Qe7 16. cxd6 cxd6 17. O-O Bd7 18. Nd4 Rfc8 19. b3 Qf6 20. Bd3 a4 21.
Rac1 Bh4 22. Bxh4 Qxh4 23. Bb5 Bxb5 24. Nxb5 axb3 25. axb3 Qd8 26. Qd4 g6 27.
Kh1 Rxc1 28. Rxc1 Ra2 29. Qc3 Qb6 30. Qc8+ Kg7 31. Nc7 Qf2 32. Ne8+ Kh6 33.
Qh3+ Kg5 34. Rg1 h5 35. Nxd6 Re2 36. Nxf7+ Nxf7 37. Qe6 Re1 38. Qe7+ Kh6 39.
Qf8+ Kg5 40. Qe7+ 1/2-1/2

[Event "International Championship of Central S"]
[Site "Paracin"]
[Date "2014.07.04"]
[Round "1.3"]
[White "Damljanovic, Branko"]
[Black "Ratkovic, Milovan"]
[Result "1-0"]
[ECO "A52"]
[WhiteElo "2562"]
[BlackElo "2295"]
[Annotator "Boban,Milojevic"]
[PlyCount "63"]
[EventDate "2014.??.??"]
[TimeControl "6000+1000"]
[WhiteClock "0:11:22"]
[BlackClock "0:21:17"]

1. d4 Nf6 2. c4 e5 3. dxe5 Ng4 4. e4 Nxe5 5. Nc3 Bc5 6. f4 Nec6 7. Nf3 O-O 8.
a3 a5 9. h3 Na6 10. Bd3 d6 11. Bc2 Qe8 12. Kf1 f6 13. g4 h5 14. f5 Ne5 15. Nxe5
fxe5 16. gxh5 Be6 17. Bd3 Bf7 18. h6 Bh5 19. Be2 Bxe2+ 20. Qxe2 g6 21. Qg4 Kh7
22. Kg2 Qf7 23. Rf1 gxf5 24. Rxf5 Qg8 25. Bg5 Qe6 26. Raf1 Rxf5 27. exf5 Qf7
28. Ne4 d5 29. cxd5 Qxd5 30. Bf6 Rg8 31. Bg7 Nb8 32. Rh1 1-0

[Event "International Championship of Central S"]
[Site "Paracin"]
[Date "2014.07.04"]
[Round "1.4"]
[White "Nielsen, Rogvi Egilstoft"]
[Black "Atalik, Suat"]
[Result "0-1"]
[ECO "C08"]
[WhiteElo "2288"]
[BlackElo "2550"]
[Annotator "Boban,Milojevic"]
[PlyCount "76"]
[EventDate "2014.??.??"]
[TimeControl "6000+610"]
[WhiteClock "0:02:15"]
[BlackClock "0:13:35"]

1. e4 e6 2. d4 d5 3. Nd2 c5 4. exd5 exd5 5. Ngf3 a6 6. dxc5 Bxc5 7. Nb3 Bb6 8.
Bd3 Qe7+ 9. Qe2 Nc6 10. c3 Bg4 11. Qxe7+ Ngxe7 12. Nfd4 Ne5 13. Bc2 Nc4 14. O-O
O-O 15. Nd2 Bxd4 16. cxd4 Bf5 17. Bxf5 Nxf5 18. Nf3 Rfe8 19. b3 Ncd6 20. g4 Ne7
21. Ba3 Nb5 22. Bxe7 Rxe7 23. h3 Nc3 24. a4 Ne2+ 25. Kg2 Rc8 26. Rfe1 Rc3 27.
Ng1 Nf4+ 28. Kh2 Kf8 29. Rac1 Rec7 30. Rxc3 Rxc3 31. Re3 Rc2 32. Kg3 g5 33. h4
h6 34. hxg5 hxg5 35. Nf3 f6 36. Re1 Rb2 37. Re3 a5 38. Rc3 Ne2+ 0-1

[Event "International Championship of Central S"]
[Site "Paracin"]
[Date "2014.07.04"]
[Round "1.5"]
[White "Lajthajm, Borko"]
[Black "Davletbayeva, Madina"]
[Result "1/2-1/2"]
[ECO "E16"]
[WhiteElo "2526"]
[BlackElo "2284"]
[Annotator "Boban,Milojevic"]
[PlyCount "67"]
[EventDate "2014.??.??"]
[TimeControl "6000+465"]
[WhiteClock "0:49:33"]
[BlackClock "0:36:07"]

1. d4 Nf6 2. c4 e6 3. Nf3 Bb4+ 4. Bd2 Qe7 5. g3 Bxd2+ 6. Qxd2 Nc6 7. a3 O-O 8.
Bg2 d5 9. O-O Rd8 10. Qc2 dxc4 11. Qxc4 e5 12. dxe5 Nxe5 13. Nxe5 Qxe5 14. Nc3
Be6 15. Qb5 Qxb5 16. Nxb5 Bc4 17. Nxc7 Rac8 18. Rfd1 Rxd1+ 19. Rxd1 Kf8 20. b3
Bxb3 21. Rc1 Ne8 22. Rc3 Rxc7 23. Rxb3 Rc1+ 24. Bf1 Nd6 25. e3 Nc4 26. Rd3 Ra1
27. Kg2 Rxa3 28. Rd7 b5 29. Rc7 Nd6 30. e4 a6 31. e5 Ne4 32. f4 g6 33. Be2 Nc3
34. Bg4 1/2-1/2

[Event "International Championship of Central S"]
[Site "Paracin"]
[Date "2014.07.04"]
[Round "1.6"]
[White "Todic, Zoran"]
[Black "Savic, Miodrag R"]
[Result "0-1"]
[ECO "B01"]
[WhiteElo "2267"]
[BlackElo "2522"]
[Annotator "Boban,Milojevic"]
[PlyCount "151"]
[EventDate "2014.??.??"]
[TimeControl "6000+1055"]
[WhiteClock "0:04:27"]
[BlackClock "0:02:52"]

1. e4 d5 2. exd5 Qxd5 3. Nc3 Qa5 4. a3 c6 5. b4 Qc7 6. Qf3 Nf6 7. h3 g6 8. Bb2
Bg7 9. Bc4 Nbd7 10. Bb3 O-O 11. Nge2 b6 12. O-O Bb7 13. Qg3 Qxg3 14. fxg3 Rac8
15. g4 c5 16. d3 e6 17. g5 Ne8 18. Ba4 Nb8 19. Nd1 Bxb2 20. Nxb2 Nd6 21. Bb3
Kg7 22. Nf4 e5 23. Ne2 Nd7 24. Rae1 h6 25. gxh6+ Kxh6 26. Nc4 Nxc4 27. Bxc4 Kg7
28. Ng3 a6 29. Bb3 Rce8 30. Ne4 Bxe4 31. dxe4 Rc8 32. bxc5 Nxc5 33. Bd5 b5 34.
g4 Ne6 35. Bxe6 fxe6 36. Rxf8 Kxf8 37. Rf1+ Ke7 38. g5 Rc3 39. Kg2 Rxc2+ 40.
Rf2 Rc8 41. Rf6 Rg8 42. h4 a5 43. Rf3 Rb8 44. Rb3 b4 45. axb4 Rxb4 46. Re3 a4
47. Kf2 Rb3 48. Re1 a3 49. Rc1 Kd6 50. Rc4 Rh3 51. Ra4 a2 52. Kg2 Rxh4 53. Kg3
Rxe4 54. Rxa2 Re3+ 55. Kg4 Re4+ 56. Kg3 Re3+ 57. Kg4 Re1 58. Rd2+ Kc5 59. Rd8
Rg1+ 60. Kf3 Rxg5 61. Ke4 Kc6 62. Rd1 Rf5 63. Rd2 g5 64. Rd1 g4 65. Rg1 Rg5 66.
Rg3 Kd6 67. Rg1 g3 68. Kf3 g2 69. Kf2 e4 70. Rd1+ Ke5 71. Kg1 e3 72. Ra1 Ke4
73. Ra4+ Kf3 74. Ra8 Rf5 75. Ra3 Rh5 76. Rb3 0-1

[Event "International Championship of Central S"]
[Site "Paracin"]
[Date "2014.07.04"]
[Round "1.7"]
[White "Drenchev, Petar"]
[Black "Dimic, Pavle"]
[Result "1-0"]
[ECO "E70"]
[WhiteElo "2511"]
[BlackElo "2261"]
[Annotator "Boban,Milojevic"]
[PlyCount "75"]
[EventDate "2014.??.??"]
[TimeControl "6000+2880"]
[WhiteClock "0:04:20"]
[BlackClock "0:01:01"]

1. d4 Nf6 2. c4 g6 3. Nc3 Bg7 4. e4 d6 5. Bd3 O-O 6. Nge2 Nc6 7. O-O Nd7 8. Bc2
e5 9. d5 Ne7 10. Rb1 f5 11. exf5 gxf5 12. f4 Ng6 13. Be3 Qe7 14. Qd2 exf4 15.
Nxf4 Nde5 16. Bb3 Ng4 17. Bd4 Be5 18. Nce2 Qg5 19. Rbd1 Qe7 20. Rf3 Bd7 21. h3
Nf6 22. Bc2 Ne4 23. Bxe4 fxe4 24. Rg3 Bf5 25. Bxe5 Qxe5 26. Qd4 Kf7 27. Nxg6
Qxd4+ 28. Nxd4 hxg6 29. Re3 Rae8 30. Rde1 Rh8 31. g4 Bd7 32. Kg2 c5 33. Ne2 b5
34. Nc3 Re5 35. Nxe4 Ke7 36. Nxc5 Rxe3 37. Rxe3+ Kd8 38. Nxd7 1-0

[Event "International Championship of Central S"]
[Site "Paracin"]
[Date "2014.07.04"]
[Round "1.1"]
[White "Kadric, Denis"]
[Black "Livaja, Mario"]
[Result "1-0"]
[ECO "B48"]
[WhiteElo "2494"]
[BlackElo "2244"]
[Annotator "Boban,Milojevic"]
[PlyCount "69"]
[EventDate "2014.??.??"]
[TimeControl "6000+1550"]
[WhiteClock "0:18:08"]
[BlackClock "0:09:50"]

1. e4 c5 2. Nc3 e6 3. Nf3 Nc6 4. d4 cxd4 5. Nxd4 Qc7 6. Be3 a6 7. f4 d6 8. Nb3
Nf6 9. Bd3 b5 10. O-O Bb7 11. Qf3 Be7 12. Qh3 h5 13. Kh1 Nb4 14. a3 Nxd3 15.
cxd3 Ng4 16. Bg1 Rc8 17. Nd4 Bf6 18. Rae1 Qa5 19. e5 dxe5 20. fxe5 Bg5 21. Ne4
Bxe4 22. Rxe4 Rh6 23. Qg3 Rg6 24. Qf3 Qc7 25. h3 Nh6 26. Qxh5 Bc1 27. Re2 Qd8
28. Qf3 Kf8 29. Nc6 Qg5 30. g4 Rc7 31. Bb6 Rd7 32. Rc2 Bd2 33. Nb8 Rd5 34. Rc8+
Ke7 35. Qxd5 1-0

[Event "International Championship of Central S"]
[Site "Paracin"]
[Date "2014.07.04"]
[Round "1.2"]
[White "Selbes, Tarik"]
[Black "Kosic, Dragan"]
[Result "1-0"]
[ECO "E04"]
[WhiteElo "2241"]
[BlackElo "2493"]
[Annotator "Boban,Milojevic"]
[PlyCount "85"]
[EventDate "2014.??.??"]
[TimeControl "6000+820"]
[WhiteClock "0:18:08"]
[BlackClock "0:05:52"]

1. Nf3 Nf6 2. c4 e6 3. g3 d5 4. d4 dxc4 5. Bg2 Nc6 6. Qa4 Bb4+ 7. Bd2 Nd5 8.
Ne5 Bd7 9. Nxd7 Qxd7 10. e3 Bxd2+ 11. Nxd2 Ncb4 12. Qxd7+ Kxd7 13. O-O b5 14.
b3 cxb3 15. Nxb3 Rhc8 16. Nc5+ Ke7 17. a3 Nc6 18. e4 Nc3 19. d5 Nd4 20. Kh1 c6
21. dxe6 Nxe6 22. Na6 g5 23. f4 gxf4 24. gxf4 Rg8 25. f5 Nd4 26. f6+ Kf8 27.
Rac1 Nce2 28. Rc5 Re8 29. Nb4 Re6 30. e5 Rg5 31. Nd3 Rh5 32. Re1 Ng3+ 33. Kg1
Nde2+ 34. Kf2 Rxh2 35. Kf3 h5 36. Nf2 Nf5 37. Rxe2 Nd4+ 38. Ke3 Nxe2 39. Bxc6
Ng3 40. Bd7 Nf5+ 41. Kf3 Kg8 42. Rc8+ Kh7 43. Bxe6 1-0

[Event "International Championship of Central S"]
[Site "Paracin"]
[Date "2014.07.04"]
[Round "1.3"]
[White "Pikula, Dejan"]
[Black "Jovanovic, Aleksandar D"]
[Result "0-1"]
[ECO "C50"]
[WhiteElo "2491"]
[BlackElo "2234"]
[Annotator "Boban,Milojevic"]
[PlyCount "144"]
[EventDate "2014.??.??"]
[TimeControl "6000+1645"]
[WhiteClock "0:04:40"]
[BlackClock "0:07:19"]

1. e4 e5 2. Bc4 Nf6 3. d3 Nc6 4. Nf3 Bc5 5. c3 d6 6. Bb3 O-O 7. O-O Ne7 8. d4
Bb6 9. Re1 Ng6 10. h3 Qe7 11. Nbd2 Nh5 12. Nxe5 dxe5 13. Qxh5 exd4 14. Nf3 dxc3
15. Ng5 h6 16. Qxg6 hxg5 17. Bxg5 Qe5 18. bxc3 Qxc3 19. Qh5 Qe5 20. Qh4 Be6 21.
Rad1 a5 22. Bf4 Qb5 23. Bc2 f6 24. Rd5 Bxd5 25. exd5 f5 26. d6 a4 27. dxc7 Qc4
28. Rc1 Bxc7 29. Bxf5 Qxc1+ 30. Bxc1 Rxf5 31. Qc4+ Rf7 32. g4 Bb6 33. Bf4 Raf8
34. Bg3 Kh8 35. Kg2 Rf3 36. Qxa4 Bxf2 37. Bxf2 Rxf2+ 38. Kg3 R2f3+ 39. Kh4 Re3
40. Qb5 Rf7 41. Qh5+ Kg8 42. Qd5 Ree7 43. Kh5 Rd7 44. Qe6 Kf8 45. g5 Rfe7 46.
Qc4 Rc7 47. Qf4+ Ke8 48. Qd6 Red7 49. Qe6+ Re7 50. Qg8+ Kd7 51. Qd5+ Kc8 52.
Qg8+ Kd7 53. h4 Rc6 54. Qd5+ Kc7 55. Kg4 Rd6 56. Qc5+ Kd7 57. h5 b6 58. Qf5+
Kc7 59. Qf4 Red7 60. h6 gxh6 61. gxh6 Rh7 62. Kg5 Rhxh6 63. Qf7+ Kc6 64. Qc4+
Kb7 65. Qf7+ Ka6 66. Qc4+ b5 67. Qc8+ Ka5 68. Qc7+ Kb4 69. a3+ Kb3 70. Qc5
Rdg6+ 71. Kf4 Rh4+ 72. Kf3 Rh3+ 0-1

[Event "International Championship of Central S"]
[Site "Paracin"]
[Date "2014.07.04"]
[Round "1.4"]
[White "Ketzetzis, Georgios"]
[Black "Vojinovic, Goran"]
[Result "0-1"]
[ECO "C16"]
[WhiteElo "2225"]
[BlackElo "2460"]
[Annotator "Boban,Milojevic"]
[PlyCount "78"]
[EventDate "2014.??.??"]
[TimeControl "6000+1020"]
[WhiteClock "0:02:21"]
[BlackClock "0:09:42"]

1. e4 e6 2. d4 d5 3. Nc3 Bb4 4. e5 b6 5. a3 Bf8 6. h4 Ba6 7. Bxa6 Nxa6 8. Qd3
Nb8 9. Nge2 c5 10. h5 Nc6 11. Bf4 Qd7 12. Rh3 Nge7 13. dxc5 bxc5 14. Nb5 Nc8
15. c4 d4 16. h6 g6 17. Ng3 Be7 18. Ne4 O-O 19. Qf3 a6 20. Bg5 f5 21. exf6 Bd6
22. Nbxd6 Nxd6 23. Nxc5 Qc8 24. Nd3 Nf7 25. Rg3 e5 26. Kf1 Na5 27. c5 Nb3 28.
Re1 Qe6 29. Kg1 Rab8 30. Qe4 Rfe8 31. c6 Rbc8 32. Nb4 Nc5 33. Qc2 Qd6 34. Rc1
Ne6 35. Bd2 a5 36. Nd3 e4 37. Ne1 d3 38. Nxd3 Nd4 39. Qd1 exd3 0-1

[Event "International Championship of Central S"]
[Site "Paracin"]
[Date "2014.07.04"]
[Round "1.5"]
[White "Tomic, Bosko"]
[Black "Nielsen, Hogni Egilstoft"]
[Result "1-0"]
[ECO "C80"]
[WhiteElo "2450"]
[BlackElo "2212"]
[Annotator "Boban,Milojevic"]
[PlyCount "69"]
[EventDate "2014.??.??"]
[TimeControl "6000+885"]
[WhiteClock "0:02:54"]
[BlackClock "0:00:32"]

1. e4 e5 2. Nf3 Nc6 3. Bb5 a6 4. Ba4 Nf6 5. O-O Nxe4 6. d4 b5 7. Bb3 d5 8. a4
Be6 9. dxe5 Nc5 10. Bg5 Be7 11. Bxe7 Nxe7 12. Nbd2 O-O 13. Qe2 Qd7 14. axb5
axb5 15. Nd4 c6 16. c3 Ng6 17. Bc2 Qc7 18. Rxa8 Rxa8 19. f4 Bd7 20. Qe3 Ra2 21.
b4 Na4 22. N2f3 c5 23. bxc5 Qxc5 24. f5 Nf8 25. e6 fxe6 26. fxe6 Nxe6 27. Bf5
Nxd4 28. cxd4 Qd6 29. Bb1 Rb2 30. Ng5 g6 31. Qf3 Be8 32. Re1 Qd7 33. Qf6 Nc3
34. Rf1 Bf7 35. Nxf7 1-0

[Event "International Championship of Central S"]
[Site "Paracin"]
[Date "2014.07.04"]
[Round "1.6"]
[White "Popovic, Djordje D"]
[Black "Abramovic, Bosko"]
[Result "1/2-1/2"]
[ECO "E91"]
[WhiteElo "2208"]
[BlackElo "2443"]
[Annotator "Boban,Milojevic"]
[PlyCount "60"]
[EventDate "2014.??.??"]
[TimeControl "6000+1645"]
[WhiteClock "0:16:21"]
[BlackClock "0:22:15"]

1. d4 Nf6 2. c4 g6 3. Nc3 Bg7 4. e4 d6 5. Nf3 O-O 6. Be2 c5 7. d5 e5 8. O-O Ne8
9. Ne1 f5 10. Nd3 Nf6 11. f3 f4 12. Bd2 g5 13. g4 h5 14. h3 Rf7 15. Kg2 Nbd7
16. a3 Nf8 17. b4 b6 18. Be1 Ng6 19. a4 Bf8 20. a5 Bd7 21. Bf2 Rh7 22. axb6
axb6 23. Rxa8 Qxa8 24. Qa1 Qc8 25. Rh1 Be7 26. Nb5 Kf7 27. Na7 Qh8 28. Nc6 hxg4
29. hxg4 Rxh1 30. Qxh1 Qxh1+ 1/2-1/2

[Event "International Championship of Central S"]
[Site "Paracin"]
[Date "2014.07.04"]
[Round "1.7"]
[White "Chandra, Akshat"]
[Black "Bernard, Jacques"]
[Result "1/2-1/2"]
[ECO "B33"]
[WhiteElo "2442"]
[BlackElo "2198"]
[Annotator "Boban,Milojevic"]
[PlyCount "67"]
[EventDate "2014.??.??"]
[TimeControl "6000+1575"]
[WhiteClock "0:28:55"]
[BlackClock "0:00:34"]

1. e4 c5 2. Nf3 Nc6 3. d4 cxd4 4. Nxd4 Nf6 5. Nc3 e5 6. Ndb5 d6 7. Bg5 a6 8.
Na3 b5 9. Nd5 Be7 10. Bxf6 Bxf6 11. c3 Bb7 12. Nc2 Nb8 13. Nce3 Nd7 14. a4 bxa4
15. Nxf6+ Nxf6 16. Qxa4+ Qd7 17. Qxd7+ Kxd7 18. f3 Rhd8 19. Bc4 Ke7 20. Ra5 g6
21. Kd2 Rdc8 22. b4 Rc7 23. Rha1 Rac8 24. Kd3 Nd7 25. R1a3 Nb8 26. Ba2 h5 27.
Kd2 h4 28. h3 Kf6 29. Bb1 Kg5 30. Bd3 Kf4 31. Rb3 f6 32. b5 axb5 33. Raxb5 Ba6
34. Rxb8 1/2-1/2

[Event "International Championship of Central S"]
[Site "Paracin"]
[Date "2014.07.04"]
[Round "1.8"]
[White "Pecurica, Milos"]
[Black "Petrisor, Adrian-Marian"]
[Result "1-0"]
[ECO "E21"]
[WhiteElo "2192"]
[BlackElo "2441"]
[Annotator "Boban,Milojevic"]
[PlyCount "49"]
[EventDate "2014.??.??"]
[TimeControl "6000+1050"]
[WhiteClock "0:19:09"]
[BlackClock "0:10:55"]

1. d4 Nf6 2. c4 e6 3. Nf3 b6 4. Nc3 Bb4 5. Bg5 Bb7 6. Nd2 O-O 7. e4 h6 8. Bh4
g5 9. Bg3 Bxe4 10. h4 Bf5 11. hxg5 hxg5 12. Be5 Nc6 13. Qf3 Nh7 14. Bd3 Nxe5
15. dxe5 g4 16. Qg3 Qg5 17. Nde4 Qg6 18. O-O-O Kg7 19. Qe3 Be7 20. Ne2 f6 21.
Nf4 Qf7 22. Nh5+ Kg8 23. exf6 Bc5 24. Qh6 Qg6 25. Qxg6+ 1-0